 Dungeon Crawl Stone Soup version 0.30.0-29-ga12c61a403 (webtiles) character file.

Game seed: 17449343869756652512

582 ChadusMaximus the Shield-Bearer (level 7, -2/56 HPs)
             Began as a Formicid Fighter on June 19, 2023.
             Slain by a lemure (5 damage)
             ... led by Pikel
             ... on level 4 of the Dungeon.
             The game lasted 00:02:24 (3541 turns).

ChadusMaximus the Shield-Bearer (Formicid Fighter)  Turns: 3541, Time: 00:02:25

Health: -2/56      AC:  8    Str: 23    XL:     7   Next: 63%
Magic:  7/7        EV:  9    Int: 12    God:
Gold:   167        SH:  5    Dex: 13    Spells: 6/6 levels left

rFire   + . .        t - +6 hammer "Xyvvel" {freeze, Contam rF+ Int+5}
rCold   . . .        c - +0 buckler
rNeg    . . .        b - +0 scale mail
rPois   .            (helmet unavailable)
rElec   .            p - +0 cloak
rCorr   .            (no gloves)
SInv    +            (no boots)
Will    .....        (no amulet) Stlth
                     (no ring)
HPRegen 0.29/turn    (no ring)
MPRegen 0.10/turn

%: no passive effects
@: no status effects
A: permanent stasis, dig shafts and tunnels, antennae 3, four strong arms
a: Dig, Shaft Self


You were on level 4 of the Dungeon.
You visited 1 branch of the dungeon, and saw 4 of its levels.

You collected 167 gold pieces.

Inventory:

Hand Weapons
 a - a +0 war axe
 t - the +6 hammer "Xyvvel" (weapon) {freeze, Contam rF+ Int+5}
   (You found it on level 3 of the Dungeon)

   Int:       It affects your intelligence (+5).
   rF:        It protects you from fire.
   Contam:    It causes magical contamination when unequipped.
Missiles
 o - 5 silver boomerangs
Armour
 b - a +0 scale mail (worn)
 c - a +0 buckler (worn)
 p - a +0 cloak (worn)
Jewellery
 v - a ring of ice
Scrolls
 e - 2 scrolls of immolation {unknown}
 g - 2 scrolls of noise {unknown}
 h - a scroll of summoning {unknown}
 i - 4 scrolls of enchant weapon {unknown}
 j - a scroll of teleportation {unknown}
 n - a scroll of fog {unknown}
 q - a scroll of amnesia {unknown}
 r - a scroll of identify {unknown}
 w - a scroll of brand weapon {unknown}
 x - a scroll of poison {unknown}
Potions
 d - 2 potions of might
 f - 3 potions of magic {unknown}
 k - a potion of heal wounds {unknown}
 l - a potion of mutation {unknown}
 m - a potion of degeneration {unknown}
 s - a potion of haste {unknown}
 u - a potion of attraction {unknown}


   Skills:
 + Level 5.0 Fighting
 * Level 5.1 Axes
 + Level 5.0 Armour
 + Level 6.1 Shields


You had 6 spell levels left.
You didn't know any spells.
Your spell library was empty.

Dungeon Overview and Level Annotations

Branches:
Dungeon (4/15)
 Temple: D:4-7

Altars:
Dithmenos
Nemelex Xobeh
Qazlal
Vehumet

Annotations:
D:4 2 runed translucent doors, Pikel


Innate Abilities, Weirdness & Mutations

You cannot be hasted, slowed, berserked, paralysed or teleported.
You can dig through walls and to a lower floor.
You have a pair of large antennae on your head. (SInv)
Your four strong arms can wield two-handed weapons with a shield.


Message History

You climb downwards.
Level annotation: 2 runed translucent doors, Pikel You block the lemure's attack.
The lemure closely misses you. You block the lemure's attack.
There is a stone staircase leading up here.
You sock Pikel! You freeze Pikel.
Pikel is moderately wounded.
Pikel hits you with a +0 whip of electrocution.
You are electrocuted!
The lemure closely misses you. The lemure hits you.
You block the lemure's attack.
You barely miss Pikel.
Pikel is moderately wounded.
Pikel hits you with a +0 whip of electrocution.
The lemure hits you but does no damage. x2; The lemure closely misses you.
The lemure hits you but does no damage. x2; The lemure hits you.
Pikel hits you with a +0 whip of electrocution.
You thump Pikel! You freeze Pikel.
Pikel is heavily wounded.
The lemure barely misses you. The lemure hits you but does no damage.
The lemure closely misses you. Pikel misses you.
You closely miss Pikel.
Pikel is heavily wounded.
Pikel says, "Hell isn't that bad."
Pikel barely misses you. The lemure closely misses you. The lemure hits you.
The lemure completely misses you.
You closely miss Pikel.
Pikel is heavily wounded.
Pikel barely misses you. The lemure hits you but does no damage.
The lemure barely misses you. The lemure hits you but does no damage.
You sock Pikel! You freeze Pikel.
Pikel is severely wounded.
Pikel hits you with a +0 whip of electrocution.
The lemure hits you. x2
* * * LOW HITPOINT WARNING * * *
The lemure hits you.
* * * LOW HITPOINT WARNING * * *
The lemure hits you.
* * * LOW HITPOINT WARNING * * *
The lemure hits you but does no damage. The lemure hits you.
You die...

........#....
.........#..######
..........?....#.#
............#..#.##
.....#...... #....#
...........###....#
..............^...###
...............55...##
##............{#@....#
###........####5K#...#
.#.........#.........#
.##.................###
.##........##.........###
..#........####.........#
...........#~...........###
#..........~≈≈....###...#.#
..........~≈≈~.....#.....<###


You could see Pikel and 3 lemures.

Vanquished Creatures
  Eustachio (D:4)
  2 black bears (D:4)
  A scorpion (D:4)
  Crazy Yiuf (D:3)
  Natasha (thrice) (D:4)
  2 gnolls (D:1)
  An adder (D:3)
  3 worms
  An orc (D:3)
  3 bats
  2 endoplasms (D:4)
  4 giant cockroaches
  6 goblins
  7 hobgoblins
  4 jackals (D:1)
  4 kobolds
  3 quokkas
  9 ball pythons
  4 frilled lizards
  8 rats
69 creatures vanquished.

Notes
Turn   | Place    | Note
-------+----------+-------------------------------------------
     0 | D:1      | ChadusMaximus the Formicid Fighter began the quest for the
                  | Orb.
     0 | D:1      | Reached XP level 1. HP: 18/18 MP: 1/1
    92 | D:1      | Reached XP level 2. HP: 19/24 MP: 2/2
   411 | D:1      | Reached XP level 3. HP: 29/29 MP: 3/3
   804 | D:1      | Reached XP level 4. HP: 37/37 MP: 4/4
  1261 | D:2      | Found a faded altar of an unknown god.
  1913 | D:3      | Found a sparkling altar of Nemelex Xobeh.
  1982 | D:3      | Found a radiant altar of Vehumet.
  2146 | D:3      | Found a runed translucent door.
  2147 | D:3      | Noticed Crazy Yiuf
  2518 | D:3      | Identified the +1 leather armour of Mumblety Peg {Will-
                  | Int+7 Stlth+}
  2601 | D:3      | Killed Crazy Yiuf
  2602 | D:3      | Reached XP level 5. HP: 25/42 MP: 5/5
  2605 | D:3      | Identified the +6 hammer "Xyvvel" {freeze, Contam rF+
                  | Int+5}
  2820 | D:4      | Found a runed translucent door.
  2848 | D:4      | Noticed a black bear
  2855 | D:4      | Killed a black bear
  2856 | D:4      | Reached skill level 5 in Shields
  2856 | D:4      | Reached XP level 6. HP: 34/48 MP: 6/6
  2904 | D:4      | Noticed Eustachio
  2921 | D:4      | Killed Eustachio
  3093 | D:4      | Noticed Natasha
  3099 | D:4      | Killed Natasha
  3100 | D:4      | Reached XP level 7. HP: 42/55 MP: 7/7
  3110 | D:4      | Noticed Natasha
  3121 | D:4      | Killed Natasha
  3201 | D:4      | Noticed Natasha
  3206 | D:4      | Killed Natasha
  3267 | D:4      | Found a stormy altar of Qazlal.
  3316 | D:4      | Found a runed translucent door.
  3322 | D:4      | Reached skill level 5 in Fighting
  3322 | D:4      | Reached skill level 5 in Axes
  3322 | D:4      | Reached skill level 5 in Armour
  3322 | D:4      | Reached skill level 6 in Shields
  3349 | D:4      | Noticed Pikel
  3352 | D:4      | Found a shadowy altar of Dithmenos.
  3541 | D:4      | Slain by a lemure

Illustrated notes

Levels and vault maps discovered:
D:1:      denvon_arrival_planthouse, layout_loops_corners, minivault_24
D:2:      layout_loops_cross, chequers_ecumenical_altar_simple_redux
D:3:      layout_loops_ring, mainiacjoe_overflow_paths,
          mainiacjoe_overflow_alcove_2, uniq_crazy_yiuf_cottage
D:4:      layout_cave_pools, overflow_temple_1_default,
          chequers_temple_overflow_statue_of_worship, ebering_ghost_sewer_f,
          serial_column_ruins, column_ruins_grid_2, column_ruins_columns_T,
          column_ruins_columns_water, column_ruins_columns_water,
          eino_small_chamber_without_monster, uniq_natasha, uniq_eustachio,
          uniq_pikel

Skill      XL: |  1  2  3  4  5  6  7 |
---------------+----------------------+-----
Axes           | 3 4 5 |  5.1
Fighting       | 4 5 |  5.0
Armour         | 4 5 |  5.0
Shields        | 5 6 |  6.1

Action                     |  1- 3 |  4- 6 |  7- 9 || total
---------------------------+-------+-------+-------++-------
  Melee: War axe           |    60 |   100 |       ||   160
         Mace              |       |    19 |    23 ||    42
 Armour: Scale mail        |    31 |    47 |    14 ||    92
  Dodge: Dodged            |    29 |    39 |    16 ||    84
  Block: Buckler           |    19 |    28 |     7 ||    54
